AoeStats
← LT | Aristóteles Gokú

Arabia

509855096Analyzed
1v1 RM · 4d ago on Sep 28, 2026· 88m 2s· 2 players
Game mode
Random Map
Map size
Tiny (2 player)
Population
200
Speed
Normal
Resources
Standard
Victory
Conquest
Starting age
Dark Age
Ending age
Imperial Age
RankedLock teamsTeams togetherTeam positionsShared explorationLock speedFull tech treeHidden civsTurbo modeCheats
Victory
Defeat
🇨🇴 Persians · Colombia
1050
+16
🇮🇹 Inca · Italy
1059
-16
LT | Aristóteles Gokú
3:39 Loom
10:14 Feudal Age
14:19 Double-Bit Axe
20:54 Castle Age
19:22 Horse Collar
20:09 Bloodlines
22:07 Husbandry
25:50 Forging
27:28 Town Watch
29:54 Scale Mail Armor
32:33 Scale Barding Armor
35:47 Imperial Age
33:36 Heavy Plow
36:12 Cavalier
37:18 Fletching
40:11 Chain Mail Armor
40:34 Iron Casting
40:19 Chain Barding Armor
41:26 Savar
41:47 Light Cavalry
42:18 Elite Skirmisher
43:46 Thumb Ring
51:42 Wheelbarrow
51:07 Town Patrol
51:49 Chain Mail Armor
52:45 Blast Furnace
52:21 Plate Barding Armor
52:46 Blast Furnace
52:38 Murder Holes
54:09 Hand Cart
53:54 Town Patrol
55:40 Ballistics
55:33 Bow Saw
56:24 Plate Barding Armor
57:47 Guard Tower
59:55 Two-Man Saw
59:09 Padded Archer Armor
59:06 Hussar
60:06 Town Patrol
61:36 Chemistry
61:08 Ballistics
62:46 Citadels
63:27 Crossbowman
69:29 Conscription
69:54 Kamandaran
78:36 Bodkin Arrow
78:56 Leather Archer Armor
78:57 Chain Mail Armor
82:18 Hoardings
84:35 Crop Rotation
86:54 Ring Archer Armor
86:56 Heated Shot
kewoo
6:40 Loom
9:06 Feudal Age
9:10 Champi Runner
17:11 Double-Bit Axe
18:20 Wheelbarrow
17:44 Arson
21:49 Castle Age
20:57 Forging
20:50 Scale Mail Armor
21:05 Horse Collar
22:37 Squires
22:48 Pikeman
27:31 Champi Warrior
29:31 Chain Mail Armor
32:10 Hand Cart
31:43 Town Watch
35:50 Iron Casting
40:43 Imperial Age
41:03 Elite Champi Warrior
42:25 Conscription
48:58 Halberdier
50:41 Blast Furnace
58:15 Bow Saw
59:21 Plate Mail Armor
66:12 Capped Ram
69:12 Siege Ram
70:23 Fabric Shields
72:41 Heavy Plow
72:32 Gold Mining
72:33 Stone Mining
87:31 Crop Rotation
Connection lost

Rejoining the realm…

Still unreachable

The connection could not be restored.

Session expired

The server has moved on; the page needs a fresh start.